Map: Stargazers

Players

Has - Winner!

  • Race: Protoss Protoss
  • Spawn Location: 11:00

Nina

  • Race: Protoss Protoss
  • Spawn Location: 1:00

Event: DreamHack SC2 Masters 2022 Atlanta (Offline)

VOD

Have the link to the VOD?

Description

Time

  • Played on: Nov. 18, 2022, 8:03 p.m.
  • Length: 17:12

All games in this series

Show
View Real Time Build Order
Export as new Build Order

Has Protoss - Winner!

Build Orders:  

Get SALT Encoding   

  12  0:00  Probe  
  13  0:12  Probe  
  14  0:17  Pylon  
  14  0:24  Probe (Chrono Boost)  
  16  0:36  Probe (Chrono Boost)  
  16  0:37  Gateway  
  16  0:41  Probe (Chrono Boost)  
  16  0:49  Pylon  
  17  0:53  Probe  
  18  0:58  Assimilator  
  18  1:03  Assimilator  
  18  1:07  Probe  
  19  1:19  Pylon  
  19  1:24  Cybernetics Core  
  19  1:26  Probe  
  20  1:38  Probe  
  20  1:39  Zealot (Chrono Boost)  
  23  1:50  Probe  
  24  1:58  Warp Gate (Chrono Boost)  
  24  2:03  Stalker (Chrono Boost)  
  24  2:04  Probe  
  27  2:09  Robotics Facility  
  27  2:16  Probe  
  28  2:26  Stalker  
  29  2:46  Gateway  
  29  2:49  Gateway  
  29  2:50  Gateway  
  29  2:57  Observer (Chrono Boost)  
  30  3:14  Warp Prism (Chrono Boost)  
  32  3:25  Shield Battery  
  32  3:30  Pylon  
  32  3:55  Stalker x4  
  40  4:09  Pylon  
  40  4:18  Stalker x2  
  40  4:23  Stalker  
  46  4:29  Stalker  
  46  4:49  Zealot x3  
  42  5:02  Stalker  
  42  5:04  Observer  
  32  5:30  Stalker x4  
  40  5:54  Stalker x3  
  46  6:01  Stalker  
  41  6:20  Stalker x2  
  41  6:37  Observer  
  35  6:43  Probe  
  36  6:54  Immortal (Chrono Boost)  
  36  6:55  Probe  
  41  7:05  Adept  
  41  7:06  Adept  
  41  7:08  Probe  
  46  7:10  Sentry, Stalker  
  50  7:16  Observer  
  50  7:20  Probe  
  51  7:32  Immortal (Chrono Boost)  
  55  7:44  Pylon  
  55  7:45  Pylon  
  55  8:23  Stalker x3  
  55  8:24  Stalker  
  62  8:27  Pylon  
  62  8:41  Observer  
  63  8:53  Stalker x2  
  67  9:06  Observer  
  68  9:14  Twilight Council  
  66  9:45  Nexus  
  66  9:51  Probe  
  67  9:55  Blink (Chrono Boost)  
  67  10:06  Probe  
  68  10:20  Stalker  
  70  10:33  Stalker  
  71  10:57  Probe  
  72  11:10  Stalker x3  
  78  11:15  Stalker  
  80  11:35  Adept x3  
  80  11:38  Pylon  
  86  12:00  Probe (Chrono Boost)  
  86  12:01  Probe (Chrono Boost)  
  82  12:08  Stargate  
  82  12:12  Probe (Chrono Boost)  
  82  12:13  Probe (Chrono Boost)  
  84  12:18  Charge (Chrono Boost), Probe (Chrono Boost)  
  84  12:20  Probe (Chrono Boost)  
  84  12:22  Pylon  
  86  12:27  Probe, Pylon  
  87  12:31  Probe  
  78  12:41  Zealot x4  
  78  13:04  Nexus, Immortal (Chrono Boost)  
  78  13:21  Zealot x4  
  78  13:33  Phoenix (Chrono Boost)  
  76  13:34  Gateway  
  78  13:48  Templar Archives  
  78  13:51  Zealot x3  
  84  13:56  Phoenix (Chrono Boost)  
  86  14:07  Gateway, Pylon  
  88  14:22  Zealot x3  
  92  14:25  Zealot  
  88  14:43  Zealot  
  88  14:44  Zealot x3  
  80  14:45  Probe  
  80  14:52  Probe  
  80  15:00  Probe  
  80  15:01  Phoenix (Chrono Boost)  
  80  15:04  Probe  
  85  15:09  Zealot  
  85  15:11  High Templar x2  
  85  15:12  High Templar  
  85  15:13  High Templar  
  94  15:16  Archon  
  94  15:17  Archon  
  94  15:18  Zealot  
  94  15:19  Probe  
  94  15:20  Probe  
  98  15:24  Probe  
  99  15:41  Observer  
  99  15:42  Probe  
  98  15:47  Zealot x6  
  110  15:50  Phoenix (Chrono Boost)  
  110  15:54  Probe  
  113  16:00  Observer (Chrono Boost)  
  113  16:09  Zealot x6  
  115  16:26  Warp Prism (Chrono Boost)  
  105  16:47  Zealot x6  
  85  17:08  Zealot x4  
  85  17:09  Zealot x2  
Show
View Real Time Build Order
Export as new Build Order

Nina Protoss 

Build Orders: Blink Stalkers 

Get SALT Encoding   

  12  0:00  Probe  
  13  0:12  Probe  
  14  0:17  Pylon  
  14  0:24  Probe  
  15  0:36  Probe (Chrono Boost)  
  15  0:40  Gateway  
  16  0:46  Probe (Chrono Boost)  
  16  0:48  Assimilator  
  17  0:51  Probe (Chrono Boost)  
  18  0:57  Assimilator  
  18  1:03  Probe  
  19  1:16  Probe  
  20  1:21  Pylon  
  20  1:28  Zealot, Probe  
  23  1:34  Cybernetics Core  
  23  1:40  Probe  
  24  1:52  Probe  
  25  2:04  Probe  
  25  2:08  Stalker (Chrono Boost)  
  26  2:12  Warp Gate  
  28  2:16  Probe  
  28  2:20  Twilight Council  
  30  2:34  Stalker, Pylon  
  31  2:51  Gateway  
  31  2:56  Blink (Chrono Boost)  
  31  3:00  Probe  
  31  3:04  Stalker  
  34  3:20  Nexus  
  34  3:22  Probe  
  35  3:31  Pylon  
  35  3:34  Probe  
  35  3:36  Sentry (Chrono Boost)  
  38  3:46  Probe  
  39  3:58  Probe  
  40  4:04  Stalker  
  40  4:05  Stalker  
  40  4:07  Shield Battery  
  42  4:12  Gateway  
  42  4:19  Shield Battery  
  42  4:23  Pylon  
  42  4:43  Stalker x2  
  33  5:07  Stalker  
  23  5:22  Stalker x2  
  23  5:26  Probe (Chrono Boost)  
  28  5:35  Stalker  
  28  5:40  Probe (Chrono Boost)  
  31  5:49  Stalker  
  33  5:54  Probe  
  34  6:06  Probe  
  35  6:13  Cybernetics Core  
  33  6:22  Zealot  
  33  6:24  Probe  
  32  6:36  Probe (Chrono Boost)  
  30  6:48  Probe (Chrono Boost)  
  31  6:56  Probe (Chrono Boost)  
  32  7:03  Probe  
  33  7:11  Robotics Facility  
  33  7:13  Stalker  
  35  7:18  Probe  
  36  7:30  Probe (Chrono Boost)  
  36  7:36  Stalker  
  39  7:41  Probe (Chrono Boost)  
  40  7:46  Probe (Chrono Boost)  
  41  7:56  Probe  
  42  8:00  Observer  
  43  8:11  Nexus  
  43  8:14  Probe  
  43  8:17  Sentry  
  46  8:51  Pylon  
  46  8:53  Pylon  
  42  9:05  Pylon  
  42  9:09  Sentry  
  46  9:10  Immortal  
  46  9:12  Sentry  
  46  9:13  Probe  
  49  9:22  Shield Battery  
  49  9:32  Probe  
  49  9:34  Nexus  
  50  9:38  Observer  
  50  9:42  Sentry  
  50  9:45  Probe  
  53  9:46  Stalker  
  53  9:51  Observer  
  55  9:57  Pylon  
  56  10:07  Immortal (Chrono Boost)  
  58  10:21  Stalker  
  60  10:25  Probe  
  61  10:37  Phoenix  
  61  10:40  Observer, Probe  
  63  10:46  Probe  
  64  10:54  Robotics Bay  
  64  10:58  Probe  
  64  10:59  Probe  
  66  11:10  Assimilator  
  67  11:12  Assimilator  
  67  11:13  Probe  
  67  11:18  Stalker  
  67  11:22  Stalker  
  71  11:27  Pylon  
  71  11:35  Shield Battery  
  71  11:37  Pylon  
  71  11:38  Probe  
  72  11:41  Disruptor (Chrono Boost)  
  72  11:47  Probe  
  76  11:52  Stalker  
  75  12:06  Probe  
  76  12:08  Probe  
  76  12:14  Disruptor (Chrono Boost)  
  80  12:16  Stalker  
  80  12:18  Probe  
  80  12:20  Probe  
  84  12:35  Probe  
  83  12:40  Extended Thermal Lance, Forge  
  83  12:45  Observer  
  80  12:59  Probe  
  80  13:01  Colossus (Chrono Boost)  
  80  13:02  Probe  
  88  13:09  Nexus  
  76  13:30  Probe  
  76  13:31  Probe  
  76  13:42  Probe  
  76  13:43  Probe  
  76  13:44  Colossus (Chrono Boost)  
  78  13:48  Observer  
  78  13:53  Protoss Ground Weapons Level 1 (Chrono Boost)  
  78  13:54  Probe  
  78  13:55  Probe  
  86  14:03  Pylon  
  86  14:06  Probe  
  87  14:14  Photon Cannon  
  86  14:25  Photon Cannon  
  86  14:30  Observer (Chrono Boost)  
  87  14:32  Stalker x2  
  69  14:46  Probe  
  58  14:53  Probe  
  58  14:58  Stalker x2  
  58  14:59  Probe  
  58  15:04  Dark Shrine  
  58  15:05  Probe  
  59  15:11  Gateway  
  59  15:12  Probe  
  60  15:19  Disruptor (Chrono Boost)  
  60  15:26  Zealot  
  65  15:48  Gateway  
  65  15:52  Disruptor  
  68  15:59  Nexus  
  68  16:03  Probe x2  
  70  16:06  Shield Battery  
  69  16:24  Stalker x3  
  69  16:28  Probe  
  70  16:33  Pylon  
  68  16:45  Dark Templar  
  63  16:52  Probe  
  58  16:56  Stalker x3  
Tags
 
Add a new tag
Caveats
  • Supply blocks, unpowered buildings, or Contaminate may cause inaccurate times.
  • Supply counts are checked every 10 seconds.